 Dungeon Crawl Stone Soup version 0.27-a0-906-g0a00ce863d (console) character file.

Game seed: 6540219815383690625

8206 jejorda2 the Impaler (level 11, -6/121 HPs)
             Began as a Merfolk Berserker on Apr 6, 2021.
             Was an Elder of Trog.
             Mangled by a minotaur
             ... wielding the +4 glaive of Destruction {freeze, Int+6}
              (9 damage)
             ... in a Gauntlet.
             The game lasted 00:27:48 (12154 turns).

jejorda2 the Impaler (Merfolk Berserker)           Turns: 12154, Time: 00:27:48

Health: -6/121     AC: 22    Str: 21    XL:     11   Next: 27%
Magic:  11/11      EV: 13    Int:  7    God:    Trog [****..]
Gold:   145        SH:  0    Dex: 19    Spells: 10/10 levels left

rFire    . . .     SeeInvis .   a - +1 halberd
rCold    . . .     Faith    +   (shield currently unavailable)
rNeg     . . .     Spirit   .   G - +3 chain mail {rPois}
rPois    +         Reflect  .   k - +2 helmet
rElec    .         Harm     .   m - +2 cloak
rCorr    .         Rampage  .   (no gloves)
Will     .....     NoTele   +   o - +2 pair of boots
Stlth    ..........             w - amulet of faith
HPRegen  0.30/turn              g - +4 ring of evasion
MPRegen  0.12/turn              c - +6 ring of dexterity

@: berserking, very quick
A: (nimble swimmer 2), mertail, screaming 1
a: Renounce Religion, Berserk, Trog's Hand, Brothers in Arms


You were in a Gauntlet.
You worshipped Trog.
Trog was greatly pleased with you.
You visited 2 branches of the dungeon, and saw 10 of its levels.
You also visited: Gauntlet.

You collected 427 gold pieces.
You spent 282 gold pieces at shops.

Inventory:

Hand Weapons
 a - a +1 halberd (weapon)
 v - a +2 vorpal arbalest
 J - a +0 trident
Missiles
 l - 19 boomerangs
 n - 6 javelins
 t - 8 boomerangs of dispersal
 B - 19 poisoned darts (quivered)
Armour
 k - a +2 helmet (worn)
 m - a +2 cloak (worn)
 o - a +2 pair of boots (worn)
 G - a +3 chain mail of poison resistance (worn)
Jewellery
 c - a +6 ring of dexterity (right hand)
 g - a +4 ring of evasion (left hand)
 w - an amulet of faith (around neck)
 x - a ring of positive energy
 C - the amulet "Nazytip" {Acrobat +Inv Will+ Stlth+}
   (You found it in a Gauntlet)

   [amulet of the acrobat]

   It increases your evasion while moving and waiting.
   It lets you turn invisible.
   It increases your willpower.
   It makes you more stealthy.
 E - a ring of see invisible
 K - a ring of flight
Wands
 q - a wand of mindburst (4)
 u - a wand of acid (8)
 y - a wand of paralysis (8)
 H - a wand of random effects (13)
Scrolls
 b - 3 scrolls of teleportation
 h - a scroll of identify
 i - 2 scrolls of blinking
 r - a scroll of immolation
 A - a scroll of magic mapping
 F - a scroll of enchant weapon
 I - a scroll of enchant armour
Potions
 d - 2 potions of might
 e - 7 potions of curing
 f - 3 potions of heal wounds
 j - a potion of berserk rage
 p - a potion of invisibility
 s - a potion of resistance
 z - 2 potions of cancellation
 D - a potion of lignification
 L - a potion of mutation


   Skills:
 - Level 6.0 Fighting
 * Level 16.9 Polearms
 - Level 6.0 Throwing
 - Level 6.0 Armour
 - Level 2.6 Dodging
 + Level 4.7 Evocations


You had 10 spell levels left.
You didn't know any spells.
Your spell library was empty.

Dungeon Overview and Level Annotations

Branches:
Dungeon (9/15)             Temple (0/1) D:6            Lair (1/6) D:9
Gauntlet (1/1)
    Orc: D:9-12

Altars:
Xom
Yredelemnul

Shops:
D:5 [   D:6 [

Annotations:
Gauntlet 8 transporters


Innate Abilities, Weirdness & Mutations

((You are quick and stealthy near water. (Stealth+, EV+, Speed+++)))
Your lower body shifts to a powerful aquatic tail in water.
You occasionally shout uncontrollably at your foes.


Message History

The silver sears you! What are your orders? t - Yell!
Orders for allies: a - Attack new target. r - Retreat! s - Stop attacking. g - Guard the area. f - Follow me.
Anything else - Cancel.
Gang up on whom?
Press: ? - help, Dir - move target, f - minotaur
Aim: a minotaur, wielding the +4 glaive of Destruction {freeze, Int+6}, wearing +2 ice dragon scales, wearing a +6 ring of intelligence and quivering silver javelins (ally target) Attack!
The minotaur hits your black bear with the +4 glaive of Destruction {freeze, Int+6}!!
The minotaur freezes your black bear! The minotaur gores your black bear!
Your black bear dies!
Your black bear's corpse disappears in a puff of smoke!
Found a plate armour and a lightning rod (4/4).
The minotaur hits you but does no damage.
Found a gate leading back out of this place.
There is an open door here.
A red film seems to cover your vision as you go berserk!
You feel yourself moving faster!
You feel mighty!
The minotaur hits you from afar with the +4 glaive of Destruction {freeze, Int+6}!!
The minotaur freezes you!
You feel a strong urge to attack something.
You puncture the minotaur!
The minotaur is lightly wounded.
The minotaur hits you with the +4 glaive of Destruction {freeze, Int+6}!
* * * LOW HITPOINT WARNING * * *
The minotaur freezes you.
* * * LOW HITPOINT WARNING * * *
The minotaur gores you.
* * * LOW HITPOINT WARNING * * *
You puncture the minotaur!
The minotaur is moderately wounded.
You slash the minotaur!
The minotaur is heavily wounded.
The minotaur hits you with the +4 glaive of Destruction {freeze, Int+6}!!
* * * LOW HITPOINT WARNING * * *
The minotaur freezes you!
You die...

#8##≈...............≈##8#
#8#
####8.8.8..©.©..8.8.8####
### #≈...............≈#
###.#.#######.#.###
#.#....#....#.#
#.#.##.#.##.#.#
#.............#
#.#..##'##..#.#
#.#..#8@8#..#.#
#....#..H#....#
###8.#8.8#.8###
####[.[#### #8.8# #[.}#
#8∩8# #####


You could see a minotaur.

Vanquished Creatures
  2 two-headed ogres
  A black mamba (Lair:1)
  A rime drake (Lair:1)
  An efreet (Gauntlet)
  A komodo dragon (Lair:1)
  3 blink frogs (Lair:1)
  2 wyverns (D:9)
  2 yaks
  A basilisk (Lair:1)
  A fire elemental (Gauntlet)
  2 steam dragons
  A neqoxec (Gauntlet)
  2 water moccasins (D:6)
  2 hell hounds (Gauntlet)
  2 orc warriors
  A black bear (D:8)
  3 ogres
  2 sky beasts (D:6)
  2 necrophages
  A phantom (D:5)
  3 centaurs
  2 kobold brigands (D:7)
  5 bullfrogs
  4 scorpions
  2 water moccasin skeletons
  7 killer bees
  4 howler monkeys
  A jelly (D:4)
  2 centaur zombies (D:8)
  3 orc priests
  3 centaur skeletons
  4 hounds
  Crazy Yiuf (D:3)
  A gnoll shaman (D:5)
  Ijyb (D:5)
  3 iguanas
  6 orc wizards
  A hound skeleton (D:5)
  4 gnolls (D:5)
  5 adders
  A shadow imp (D:6)
  An adder skeleton (D:4)
  2 worms
  4 dart slugs
  33 orcs
  9 endoplasms
  5 giant cockroaches
  5 goblins
  8 hobgoblins
  4 jackals
  2 quokkas
  12 ball pythons
  8 bats
  6 frilled lizards
  11 kobolds
  5 rats
211 creatures vanquished.

Vanquished Creatures (collateral kills)
  2 blink frogs (Lair:1)
  A fire elemental (Gauntlet)
  A hell hound (Gauntlet)
4 creatures vanquished.

Vanquished Creatures (others)
  An orc wizard (D:4)
  18 fungi
  17 plants
36 creatures vanquished.

Grand Total: 251 creatures vanquished

Notes
Turn   | Place    | Note
-------+----------+-------------------------------------------
     0 | D:1      | jejorda2 the Merfolk Berserker began the quest for the Orb.
     0 | D:1      | Reached XP level 1. HP: 18/18 MP: 1/1
   244 | D:1      | Reached XP level 2. HP: 24/24 MP: 2/2
   329 | D:1      | Reached skill level 5 in Polearms
   689 | D:1      | Reached XP level 3. HP: 25/29 MP: 3/3
  1223 | D:1      | Reached ** piety under Trog
  1592 | D:2      | You fall into a shaft and drop 1 floor!
  1678 | D:3      | Reached XP level 4. HP: 36/37 MP: 4/4
  1696 | D:3      | Found a runed translucent door.
  1697 | D:3      | Noticed Crazy Yiuf
  1703 | D:3      | Killed Crazy Yiuf
  1704 | D:3      | Reached skill level 6 in Polearms
  2267 | D:3      | Noticed a necrophage
  2275 | D:3      | Killed a necrophage
  2276 | D:3      | Reached skill level 7 in Polearms
  2276 | D:3      | Reached XP level 5. HP: 43/43 MP: 5/5
  2671 | D:2      | Reached *** piety under Trog
  2672 | D:2      | Reached XP level 6. HP: 49/49 MP: 6/6
  2961 | D:2      | Found a shimmering altar of Xom.
  3158 | D:2      | Found a faded altar of an unknown god.
  3600 | D:4      | Reached skill level 1 in Throwing
  3719 | D:4      | Reached skill level 8 in Polearms
  3872 | D:4      | Found a basalt altar of Yredelemnul.
  3969 | D:4      | Reached XP level 7. HP: 22/55 MP: 7/7
  4206 | D:4      | Reached skill level 5 in Fighting
  4700 | D:5      | Entered Level 5 of the Dungeon
  4732 | D:5      | Noticed Ijyb
  4839 | D:5      | Killed Ijyb
  4985 | D:5      | Noticed a yak
  5026 | D:5      | Killed a yak
  5027 | D:5      | Reached skill level 9 in Polearms
  5272 | D:5      | Reached XP level 8. HP: 45/63 MP: 8/8
  5525 | D:5      | Reached **** piety under Trog
  5857 | D:5      | Noticed a two-headed ogre
  5868 | D:5      | Killed a two-headed ogre
  5869 | D:5      | Reached skill level 11 in Polearms
  6271 | D:5      | Found Raataduv's Armour Boutique.
  6279 | D:5      | Reached XP level 9. HP: 44/69 MP: 9/9
  6742 | D:6      | Reached skill level 12 in Polearms
  7074 | D:6      | Found Jepram's Armour Shop.
  7126 | D:6      | Identified the +10 hand axe of Joyful Slaughter {vorpal,
                  | rC+ rN+}
  7268 | D:6      | Found a staircase to the Ecumenical Temple.
  7877 | D:7      | Reached skill level 5 in Throwing
  7893 | D:7      | Reached skill level 13 in Polearms
  8023 | D:7      | Reached skill level 5 in Armour
  8789 | D:8      | Reached XP level 10. HP: 76/76 MP: 10/10
  9238 | D:8      | Reached skill level 14 in Polearms
 10096 | D:6      | Bought a +3 chain mail of poison resistance for 282 gold
                  | pieces
 10632 | D:9      | Reached skill level 1 in Evocations
 10722 | D:9      | Reached ***** piety under Trog
 10831 | D:9      | Found a staircase to the Lair.
 11132 | D:9      | Noticed a two-headed ogre
 11140 | D:9      | Killed a two-headed ogre
 11141 | D:9      | Reached skill level 15 in Polearms
 11446 | Lair:1   | Entered Level 1 of the Lair of Beasts
 11461 | Lair:1   | Noticed a black mamba
 11475 | Lair:1   | Killed a black mamba
 11476 | Lair:1   | Reached skill level 16 in Polearms
 11476 | Lair:1   | Reached XP level 11. HP: 53/81 MP: 11/11
 11569 | Lair:1   | Found a gate leading to a gauntlet.
 11656 | Gauntlet | Entered a Gauntlet
 11656 | Gauntlet | Found a transporter.
 11656 | Gauntlet | Found a transporter.
 11656 | Gauntlet | Found a transporter.
 11658 | Gauntlet | Noticed a worldbinder
 11743 | Gauntlet | Found a transporter.
 11743 | Gauntlet | Found a transporter.
 11753 | Gauntlet | Noticed a tengu warrior
 11757 | Gauntlet | Found a transporter.
 11758 | Gauntlet | Noticed a fire crab
 11762 | Gauntlet | Found a transporter.
 11775 | Gauntlet | Noticed a cacodemon
 11777 | Gauntlet | Found a transporter.
 11799 | Gauntlet | Found a transporter.
 11824 | Gauntlet | Found a transporter.
 11844 | Gauntlet | Found a transporter.
 11896 | Gauntlet | Found a transporter.
 12051 | Gauntlet | Identified the amulet "Nazytip" {Acrobat +Inv Will+ Stlth+}
 12085 | Gauntlet | Gained mutation: You occasionally shout uncontrollably at
                  | your foes. [a neqoxec]
 12145 | Gauntlet | Identified the +4 glaive of Destruction {freeze, Int+6}
 12145 | Gauntlet | Noticed a minotaur
 12154 | Gauntlet | HP: 3/121 [minotaur/the +4 glaive of Destruction {freeze,
                  | Int+6} (19)]
 12154 | Gauntlet | Mangled by a minotaur

Illustrated notes

Levels and vault maps discovered:
D:1:      giann_bridges, layout_basic
D:2:      layout_loops_cross, shapermc_ecumenical_altar_venn, basic_altar,
          minmay_between
D:3:      minmay_spotlight, layout_loops_ring, uniq_crazy_yiuf_cottage
D:4:      layout_loops_ring, yredelemnul_altar_generic
D:5:      kennysheep_big_flooded_room, layout_loops_ring, serial_shops,
          nicolae_shop_stone, uniq_ijyb
D:6:      layout_loops_corners, minmay_temple_entry_overgrown, serial_shops,
          nicolae_shop_statue_plus, kennysheep_generic_room_12
D:7:      layout_loops_cross, minmay_increasing_density
D:8:      layout_basic
D:9:      layout_layer_cave, grunt_lair_entry_orc_guard_hut
Lair:1:   layout_chaotic_city, gauntlet_entry_generic, serial_bayou_shore_b,
          grunt_megastairs_5, minmay_lair_oklob_chamber
Gauntlet: gammafunk_gauntlet_shortcut [gammafunk_gauntlet_arena_corners,
          nicolae_gauntlet_arena_blocks, gammafunk_gauntlet_arena_chambers,
          gammafunk_gauntlet_arena_split_x, nicolae_gauntlet_arena_x,
          gammafunk_gauntlet_arena_crates,
          nicolae_gauntlet_exit_dead_adventurers]

Skill      XL: |  1  2  3  4  5  6  7  8  9 10 11 |
---------------+----------------------------------+-----
Polearms       | 5 7 8 9 11 13 16 | 16.9
Fighting       | 4 5 6 |  6.0
Armour         | 2 3 4 5 6 |  6.0
Throwing       | 1 2 4 5 6 |  6.0
Evocations     | 3 4 |  4.7
Dodging        | |  2.6

Action                   |  1- 3 |  4- 6 |  7- 9 | 10-12 || total
-------------------------+-------+-------+-------+-------++-------
Melee: Spear             |   134 |   263 |   154 |       ||   551
       Halberd           |       |       |   165 |   273 ||   438
Throw: Dart              |       |       |     4 |     4 ||     8
Invok: Berserk           |     3 |     6 |     6 |     5 ||    20
       Trog's Hand       |       |       |       |     4 ||     4
       Brothers in Arms  |       |       |       |     3 ||     3
Evoke: Wand              |       |       |       |     4 ||     4
  Use: Scroll            |       |       |    15 |     5 ||    20
       Potion            |       |       |       |     5 ||     5
Armor: Animal skin       |     4 |       |       |       ||     4
       Scale mail        |    17 |    42 |    93 |    50 ||   202
       Chain mail        |       |       |       |    52 ||    52
Dodge: Dodged            |    43 |   111 |   137 |   157 ||   448

Table legend: (Time is in decaauts)
 A = Elapsed time spent in this place.
 B = Non-inter-level travel time spent in this place.
 C = Inter-level travel time spent in this place.
 D = Time resting spent in this place.
 E = Time spent auto-exploring this place.
 F = Levels seen in this place.
 G = Mean time per level.
                   A        B        C        D        E       F      G
               +--------+--------+--------+--------+--------+-----+--------+
         Total |  12077 |  11364 |    713 |   1306 |   8353 |  11 | 1097.9 |
       Dungeon |  11372 |  10685 |    687 |   1101 |   8166 |   9 | 1263.6 |
          Lair |    203 |    177 |     26 |     87 |      0 |   1 |  203.0 |
      Gauntlet |    500 |    500 |      0 |    117 |    187 |   1 |  500.0 |
               +--------+--------+--------+--------+--------+-----+--------+

Top non-repeatable levels by time:
     D:5: 1771 daAuts
     D:1: 1480 daAuts
     D:8: 1446 daAuts
     D:4: 1367 daAuts
     D:6: 1219 daAuts
     D:9: 1141 daAuts
     D:3: 1061 daAuts
     D:2: 957 daAuts
     D:7: 928 daAuts
Gauntlet: 500 daAuts
  Lair:1: 203 daAuts
